 Dungeon Sprint DCSS version 0.17-a0-1570-g74b7129 (webtiles) character file.

284 tt080 the Carver (level 6, -8/93 HPs)
             Began as a Deep Dwarf Berserker on July 23, 2015.
             Was an Elder of Trog.
             Mangled by a skeletal warrior
             ... wielding a +0 glaive
              (14 damage)
             ... in the Dungeon (Sprint IX: "|||||||||||||||||||||||||||||").
             The game lasted 00:02:37 (219 turns).

tt080 the Carver (Deep Dwarf Berserker)              Turns: 219, Time: 00:02:37

Health: -8/93      AC: 11    Str: 26    XL:     6   Next: 7%
Magic:  6/6        EV: 14    Int:  7    God:    Trog [****..]
Gold:   0          SH:  0    Dex: 17    Spells: 0 memorised, 5 levels left

rFire  . . .     SeeInvis .     a - +0 falchion
rCold  . . .     Clarity  .     q - +1 chain mail
rNeg   . . .     SustAt   .     (no shield)
rPois  .         Gourm    .     (no helmet)
rElec  .         Spirit   .     (no cloak)
rCorr  .         Warding  .     (no gloves)
rMut   .         NoTele   +     (no boots)
MR     .....                    (no amulet)
Stlth  ..........               r - +2 ring of evasion
                                s - +3 ring of dexterity

@: berserking (expiring), very slightly contaminated, non-regenerating, hasted,
very quick, not resistant to hostile enchantments, extremely unstealthy
A: damage resistance, recharge devices, sense surroundings 1, slow healing 3
a: Device Recharging, Burn Spellbooks, Berserk, Trog's Hand, Brothers in Arms,
Renounce Religion


You were in the Dungeon.
You worshipped Trog.
Trog was greatly pleased with you.
You were hungry.

You visited 1 branch

Inventory:

Hand weapons
 a - a +0 falchion (weapon)
 m - a +2 scimitar of holy wrath
Armour
 b - a +0 animal skin
 o - a +0 pair of boots
 p - a +0 pair of gloves
 q - a +1 chain mail (worn)
Jewellery
 r - a +2 ring of evasion (right hand)
 s - a +3 ring of dexterity (left hand)
Magical devices
 c - a wand of heal wounds (5)
 n - a wand of cold (7)
Scrolls
 j - 2 scrolls of blinking
 l - 3 scrolls of remove curse
Potions
 e - 5 potions of curing
 f - 2 potions of heal wounds
 h - 4 potions of magic
 i - a potion of berserk rage
 k - a potion of invisibility
Comestibles
 d - a bread ration


   Skills:
 + Level 5.9 Fighting
 * Level 8.5 Long Blades
 + Level 6.5 Armour
 + Level 6.5 Dodging


You had 5 spell levels left.
You didn't know any spells.

Dungeon Overview and Level Annotations

Branches:
Dungeon (1/1)

Altars:
Cheibriados
Dithmenos
Elyvilon
Fedhas
Gozag
Kikubaaqudgha
Makhleb
Nemelex Xobeh
Okawaru
Qazlal
Ru
Sif Muna
Trog
Vehumet
Xom
Yredelemnul
Zin
The Shining One
Beogh
Jiyva
Lugonu


Innate Abilities, Weirdness & Mutations

You are resistant to damage.
You can recharge devices by infusing magical energy.
You passively map a small area around you.
You do not heal naturally.


Message History

You hit the skeletal warrior but do no damage.
The skeletal warrior is lightly damaged.
You closely miss the skeletal warrior.
The skeletal warrior is lightly damaged.
You slash the skeletal warrior!
The skeletal warrior is moderately damaged.
The skeletal warrior hits you with a glaive!!
* * * LOW HITPOINT WARNING * * *
You closely miss the skeletal warrior.
The skeletal warrior is moderately damaged.
You closely miss the skeletal warrior.
The skeletal warrior is moderately damaged.
The skeletal warrior hits you with a glaive!
* * * LOW HITPOINT WARNING * * *
You hit the skeletal warrior but do no damage.
The skeletal warrior is moderately damaged.
You hit the skeletal warrior but do no damage.
The skeletal warrior is moderately damaged.
The skeletal warrior hits you with a glaive!
You die...

▓▓▓▓▓▓▓▓▓▓▓▓▓▓▓▓▓▓▓▓▓▓▓▓▓▓▓▓▓▓▓▓▓
'_______________@zuWR_'.?|)....z'
▓▓▓▓▓▓▓▓▓▓▓▓▓▓▓▓▓▓▓▓▓▓▓▓▓▓▓▓▓▓▓▓▓
, ,,,, , *** ** * * * * * , ,,, ,
, , , , , *** ** * *** ** ** , ,
, ,, * * *** * * , , ∩


You could see a cyan ugly thing, a skeletal warrior, an efreet and a wraith.

Vanquished Creatures
  A phantom (D)
  A gnoll sergeant (D)
  A giant frog (D)
  2 jellies (D)
  3 bats (D)
  A bat skeleton (D)
  A giant cockroach (D)
  A giant gecko zombie (D)
  A giant newt (D)
  2 goblins (D)
  2 rats (D)
16 creatures vanquished.

Vanquished Creatures (others)
  A centaur warrior (D)
  A tengu conjurer (D)
2 creatures vanquished.

Grand Total: 18 creatures vanquished

Notes
Turn   | Place    | Note
--------------------------------------------------------------
     0 | D        | tt080 the Deep Dwarf Berserker began the quest for the Orb.
     0 | D        | Reached XP level 1. HP: 20/20 MP: 1/1
    10 | D        | Acquired Trog's second power
    22 | D        | Noticed a phantom
    35 | D        | Reached XP level 2. HP: 28/28 MP: 2/2
    45 | D        | Found a glowing silver altar of Zin.
    45 | D        | Found a glowing golden altar of the Shining One.
    45 | D        | Found an ancient bone altar of Kikubaaqudgha.
    45 | D        | Found a basalt altar of Yredelemnul.
    45 | D        | Found a shimmering altar of Xom.
    45 | D        | Found a radiant altar of Vehumet.
    46 | D        | Found an iron altar of Okawaru.
    47 | D        | Found a burning altar of Makhleb.
    48 | D        | Found a deep blue altar of Sif Muna.
    49 | D        | Found a bloodstained altar of Trog.
    50 | D        | Found a sparkling altar of Nemelex Xobeh.
    51 | D        | Found a white marble altar of Elyvilon.
    56 | D        | HP: 1/28 [phantom (6)]
    58 | D        | Found a roughly hewn altar of Beogh.
    63 | D        | Found a viscous altar of Jiyva.
    64 | D        | Found a corrupted altar of Lugonu.
    65 | D        | Found a blossoming altar of Fedhas.
    66 | D        | Found a snail-covered altar of Cheibriados.
    67 | D        | Found a shadowy altar of Dithmenos.
    70 | D        | Found a stormy altar of Qazlal.
    71 | D        | Found an opulent altar of Gozag.
    72 | D        | Found a sacrificial altar of Ru.
   116 | D        | Killed a phantom
   116 | D        | Reached skill level 4 in Fighting
   116 | D        | Reached skill level 6 in Long Blades
   116 | D        | Reached XP level 3. HP: 13/37 MP: 3/3
   116 | D        | Reached XP level 4. HP: 15/45 MP: 4/4
   125 | D        | Noticed a gnoll sergeant
   125 | D        | Noticed a jelly
   125 | D        | Noticed a jelly
   125 | D        | Noticed a giant frog
   138 | D        | Killed a gnoll sergeant
   138 | D        | Reached skill level 5 in Fighting
   138 | D        | Reached skill level 7 in Long Blades
   138 | D        | Reached skill level 5 in Armour
   138 | D        | Reached skill level 5 in Dodging
   138 | D        | Reached XP level 5. HP: 10/52 MP: 5/5
   139 | D        | Acquired Trog's third power
   141 | D        | Killed a jelly
   147 | D        | Killed a jelly
   147 | D        | Reached skill level 8 in Long Blades
   151 | D        | Killed a giant frog
   151 | D        | Reached XP level 6. HP: 7/62 MP: 6/6
   168 | D        | Noticed a skeletal warrior
   168 | D        | Noticed a wraith
   168 | D        | Noticed a cyan ugly thing
   168 | D        | Noticed an efreet
   168 | D        | Noticed a tengu conjurer
   168 | D        | Noticed a centaur warrior
   177 | D        | Killed a tengu conjurer
   184 | D        | Killed a centaur warrior
   219 | D        | Mangled by a skeletal warrior

Vault maps used:
D:        linesprint

Action                   |  1- 3 |  4- 6 || total
-------------------------+-------+-------++-------
Melee: Falchion          |    43 |    29 ||    72
Invok: Berserk           |     1 |     2 ||     3
       Trog's Hand       |     1 |     3 ||     4
  Use: Potion            |     1 |     1 ||     2
